AoeStats
← SimonPP95

Pilgrims

510147082Analyzed
4v4 RM · 4d ago on Sep 29, 2026· 31m 17s· 8 players
Game mode
Random Map
Map size
Large (8 player)
Population
200
Speed
Normal
Resources
Standard
Victory
Conquest
Starting age
Dark Age
Ending age
Imperial Age
RankedLock teamsTeams togetherTeam positionsShared explorationLock speedFull tech treeHidden civsTurbo modeCheats
Victory
Defeat
903
+34
🇨🇦 Sicilians · Canada
876
+15
🇲🇽 Japanese · Mexico
812
+17
🇨🇿 Vikings · Czechia
805
+17
🇬🇧 Huns · United Kingdom
864
-16
🇵🇱 Celts · Poland
861
-16
🇧🇪 Romans · Belgium
838
-16
🇨🇿 Huns · Czechia
808
-14
Legless Sheep
16:03 Feudal Age
14:41 Loom
16:44 Double-Bit Axe
16:41 Horse Collar
20:13 Wheelbarrow
19:23 Town Watch
22:08 Gold Mining
23:58 Bloodlines
27:09 Castle Age
25:16 Padded Archer Armor
25:29 Forging
25:19 Scale Mail Armor
25:38 Fletching
26:50 Scale Barding Armor
SimonPP95
5:13 Loom
19:24 Feudal Age
20:36 Double-Bit Axe
20:35 Horse Collar
21:40 Wheelbarrow
23:33 Forging
23:22 Man-at-Arms
29:18 Castle Age
malolepszy.adrian
14:11 Feudal Age
15:30 Wheelbarrow
15:12 Fishing Lines
15:53 Double-Bit Axe
22:56 Castle Age
23:57 Hand Cart
24:06 Bow Saw
23:52 Gillnets
25:32 Stone Mining
26:52 Stone Shaft Mining
tenzpotravin
15:21 Feudal Age
18:13 Horse Collar
18:19 Double-Bit Axe
20:30 Loom
21:22 Wheelbarrow
24:07 Stone Mining
27:37 Castle Age
28:34 Bloodlines
28:23 Light Cavalry
paveles_czk
7:55 Loom
11:03 Feudal Age
12:25 Double-Bit Axe
12:18 Man-at-Arms
13:41 Fishing Lines
15:39 Fletching
17:30 Forging
20:04 Castle Age
18:35 Horse Collar
20:13 Gold Mining
21:34 Stone Mining
22:09 Scale Mail Armor
23:33 Bow Saw
24:22 Iron Casting
27:17 Bodkin Arrow
27:37 Chain Mail Armor
28:17 Gillnets
28:52 Elite Skirmisher
vivrant
12:48 Feudal Age
16:05 Scale Mail Armor
16:16 Forging
16:49 Loom
22:01 Fletching
25:03 Arson
Kevin-Herodes-Pascal-Cedric
4:42 Loom
11:23 Feudal Age
12:39 Horse Collar
12:49 Double-Bit Axe
14:08 Bloodlines
14:19 Bloodlines
15:15 Forging
21:05 Castle Age
19:41 Scale Barding Armor
22:08 Wheelbarrow
22:55 Town Watch
23:52 Husbandry
27:09 Fletching
27:55 Iron Casting
27:41 Chain Barding Armor
28:13 Hand Cart
30:28 Heavy Plow
33:15 Imperial Age
raul_ruizv
15:56 Feudal Age
15:09 Loom
18:35 Double-Bit Axe
22:12 Fishing Lines
23:11 Gold Mining
23:17 Stone Mining
24:48 Man-at-Arms
25:14 Arson
27:57 Forging
27:48 Scale Mail Armor
Connection lost

Rejoining the realm…

Still unreachable

The connection could not be restored.

Session expired

The server has moved on; the page needs a fresh start.